General information
- name: BNet
- type: Ladder team game (AT/RT)
- host: Battle.net
- saver: GayTiMe.WeRRa
map: TurtleRock
- players: 4
- length: 09:44
- speed: Fast
- version: 1.24 W3XP
- replay type: Public
» download(56 KB)
Players
team 1 (winner)
CoLeGePaRtYeR17 (
teal | 109 APM | 1062 actions | 09:44)
4 Archmage
2 Summon Water Elemental
2 Brilliance Aura
2 Mountain King
1 Storm Bolt
1 Bash
» actions
| Assign group hotkey | 30 | |
| Basic commands | 21 | |
| Build / train | 35 | |
| Enter build submenu | 19 | |
| Enter hero's abilities submenu | 6 | |
| Right click | 537 | |
| Select / deselect | 223 | |
| Select group hotkey | 146 | |
| Use ability | 45 | |
1062 total
» units
| Peasant | 11 | |
| Footman | 6 | |
| Sorceress | 2 | |
| Spell Breaker | 2 | |
| Priest | 1 | |
22 total
» buildings
| Altar of Kings | 1 | |
| Barracks | 1 | |
| Farm | 9 | |
| Scout Tower | 1 | |
| Arcane Vault | 2 | |
| Arcane Tower | 1 | |
| Keep | 1 | |
| Arcane Sanctum | 3 | |
19 total
» build order
00:05 Altar of Kings
00:08 Barracks
00:33 Farm
01:01 Farm
01:35 Scout Tower
01:50 Arcane Vault
02:08 Arcane Tower
03:03 Farm
03:30 Farm
04:16 Keep
04:27 Farm
04:54 Arcane Vault
05:08 Farm
05:29 Farm
06:15 Farm
06:41 Arcane Sanctum
06:42 Arcane Sanctum
06:51 Arcane Sanctum
06:53 Farm
» items
GayTiMe.WeRRa (
red | 126 APM | 1229 actions | 09:44)
4 Tauren Chieftain
2 War Stomp
2 Endurance Aura
1 Shadow Hunter
1 Hex
» actions
| Assign group hotkey | 20 | |
| Basic commands | 88 | |
| Build / train | 35 | |
| Enter build submenu | 8 | |
| Enter hero's abilities submenu | 5 | |
| Right click | 544 | |
| Select / deselect | 286 | |
| Select group hotkey | 217 | |
| Use ability | 26 | |
1229 total
» units
| Peon | 6 | |
| Troll Headhunter/Berserker | 15 | |
21 total
» upgrades
» buildings
| Altar of Storms | 1 | |
| Orc Burrow | 4 | |
| War Mill | 1 | |
| Barracks | 1 | |
| Voodoo Lounge | 1 | |
| Stronghold | 1 | |
| Fortress | 1 | |
10 total
» build order
00:03 Altar of Storms
00:06 Orc Burrow
00:24 War Mill
01:10 Barracks
01:49 Orc Burrow
02:27 Voodoo Lounge
04:41 Stronghold
04:57 Orc Burrow
06:03 Orc Burrow
07:43 Fortress
» items
| Lesser Clarity Potion | 1 | |
| Healing Salve | 2 | |
3 total
team 2 (loser)
EWtm.HOLYHUMAN (
purple | 63 APM | 609 actions | 09:40)
2 Demon Hunter
1 Mana Burn
1 Evasion
1 Keeper of the Grove
1 Entangling Roots
» actions
| Build / train | 30 | |
| Enter build submenu | 12 | |
| Enter hero's abilities submenu | 3 | |
| Right click | 404 | |
| Select / deselect | 129 | |
| Use ability | 31 | |
609 total
» units
» upgrades
| Strength of the Moon | 1 | |
| Moon Armor | 1 | |
2 total
» buildings
| Altar of Elders | 1 | |
| Moon Well | 4 | |
| Hunter's Hall | 1 | |
| Ancient of War | 2 | |
| Tree of Ages | 1 | |
| Ancient of Lore | 3 | |
12 total
» build order
00:11 Altar of Elders
00:22 Moon Well
01:53 Hunter's Hall
01:56 Ancient of War
02:00 Moon Well
02:27 Ancient of War
04:11 Tree of Ages
04:50 Moon Well
05:43 Moon Well
07:02 Ancient of Lore
07:04 Ancient of Lore
07:55 Ancient of Lore
» items
psycall (
green | 63 APM | 614 actions | 09:43)
3 Blademaster
2 Wind Walk
1 Critical Strike
1 Shadow Hunter
1 Hex
» actions
| Basic commands | 2 | |
| Build / train | 39 | |
| Enter build submenu | 13 | |
| Enter hero's abilities submenu | 4 | |
| Right click | 335 | |
| Select / deselect | 135 | |
| Use ability | 86 | |
614 total
» units
» upgrades
| Berserker Strength | 1 | |
| Ensnare | 1 | |
2 total
» buildings
| Altar of Storms | 1 | |
| Orc Burrow | 5 | |
| Barracks | 1 | |
| Voodoo Lounge | 1 | |
| Stronghold | 1 | |
| War Mill | 1 | |
| Spirit Lodge | 2 | |
| Beastiary | 1 | |
13 total
» build order
00:13 Altar of Storms
00:15 Orc Burrow
01:07 Barracks
01:37 Orc Burrow
02:06 Orc Burrow
03:08 Voodoo Lounge
04:03 Stronghold
04:59 War Mill
06:26 Orc Burrow
06:30 Spirit Lodge
06:32 Beastiary
07:07 Spirit Lodge
07:28 Orc Burrow
» items
| Healing Salve | 1 | |
| Lesser Clarity Potion | 1 | |
| Scroll of Speed | 2 | |
4 total
Chat log
(00:11 / All) CoLeGePaRtYeR17: more like
(00:13 / All) CoLeGePaRtYeR17: unholyorc
(08:50 / All) GayTiMe.WeRRa: cookie cut and lose